 Dungeon Crawl Stone Soup version 0.19.1-1-g22dce08 (webtiles) character file.

280 Macro the Sneak (level 6, -2/37 HPs)
             Began as a Halfling Enchanter on Jan 17, 2017.
             Slain by Pikel
             ... wielding a +2 whip of flaming
              (8 damage)
             ... on level 4 of the Dungeon.
             The game lasted 00:33:40 (4124 turns).

Macro the Sneak (Halfling Enchanter)                Turns: 4124, Time: 00:33:41

Health: -2/37      AC:  8    Str:  9    XL:     6   Next: 52%
Magic:  1/9        EV: 15    Int: 15    God:
Gold:   123        SH:  0    Dex: 15    Spells: 3 memorised, 4 levels left

rFire  . . .     SeeInvis .     a - +1 dagger
rCold  . . .     Gourm    +     l - +0 leather armour
rNeg   . . .     Faith    .     (shield restricted)
rPois  +         Spirit   .     w - +1 helmet
rElec  .         Reflect  .     r - +0 cloak
rCorr  .         Harm     .     i - +1 pair of gloves
MR     .....                    (no boots)
Stlth  +++.......               q - amulet of the gourmand
                                (no ring)
                                t - ring of poison resistance

@: very slightly contaminated
A: mutation resistance 1
a: no special abilities


You were on level 4 of the Dungeon.
You were not hungry.

You visited 1 branch of the dungeon, and saw 4 of its levels.

You collected 123 gold pieces.

Inventory:

Hand Weapons
 a - a +1 dagger (weapon)
Armour
 b - a +1 robe
 g - a +2 hat
 i - a +1 pair of gloves (worn)
 l - a +0 leather armour (worn)
 r - a +0 cloak (worn)
 w - a +1 helmet (worn)
Jewellery
 q - an amulet of the gourmand (around neck)
 t - a ring of poison resistance (left hand)
Scrolls
 e - 2 scrolls of random uselessness {unknown}
 h - a scroll of blinking {unknown}
 j - 5 scrolls of identify {unknown}
 p - a scroll of enchant armour {unknown}
 s - a scroll of fear {unknown}
 u - 2 scrolls of remove curse {unknown}
Potions
 n - a potion of ambrosia {unknown}
 o - 2 potions of heal wounds {unknown}
 v - a potion of curing {unknown}
Books
 c - a book of Maledictions

   Spells                             Type                      Level
   a - Corona                         Hexes                        1
   b - Ensorcelled Hibernation        Hexes/Ice                    2
   c - Confuse                        Hexes                        3
   d - Tukima's Dance                 Hexes                        3
   e - Dazzling Spray                 Conjuration/Hexes            3
Comestibles
 d - 4 bread rations
 f - 2 beef jerkies
 k - a royal jelly
 m - a meat ration
 x - a chunk of flesh


   Skills:
 + Level 0.3 Fighting
 + Level 2.2 Short Blades
 + Level 1.3 Armour
 + Level 2.8 Dodging
 + Level 4.5 Stealth
 + Level 2.5 Spellcasting
 + Level 3.3 Hexes
 + Level 2.0 Ice Magic


You had 4 spell levels left.
You knew the following spells:

 Your Spells              Type           Power        Failure   Level  Hunger
a - Corona                Hex            ##.....      10%         1    #......
b - Ensorcelled Hibernat  Hex/Ice        #.....       17%         2    ###....
c - Tukima's Dance        Hex            ##......     21%         3    ###....


Dungeon Overview and Level Annotations

Branches:
Dungeon (4/15)
 Temple: D:4-7

Altars:
Ashenzari
Cheibriados
Trog
The Shining One

Annotations:
D:4 Pikel


Innate Abilities, Weirdness & Mutations

You are small and have problems with some larger weapons.
You are somewhat resistant to further mutation.


Message History

Pikel completely misses you.
Casting: Ensorcelled Hibernation
Confirm with . or Enter, or press ? or * to list all spells.
Aiming: Ensorcelled Hibernation
Press: ? - help, Shift-Dir - straight line, f/p - Pikel
Aim: Pikel, wielding a whip of flaming and wearing a robe (moderately wounded, chance to defeat MR: 40%)
You miscast Ensorcelled Hibernation.
Wisps of condensation drift from your hands.
Pikel hits you with a whip of flaming.
* * * LOW HITPOINT WARNING * * *
Pikel burns you.
* * * LOW HITPOINT WARNING * * *
Pikel hits you with a whip of flaming.
* * * LOW HITPOINT WARNING * * *
Pikel burns you.
* * * LOW HITPOINT WARNING * * *
There is a stone staircase leading up here.
Pikel says, "You'll feel the lick of my whip!"
Pikel hits you with a whip of flaming!
You die...

........# #.##.# ######### #....#
##### #...## #### #...########.#
...# #.#......# #.# ...##
#.....)#.###.# .#..#
#...[......#.# ##..#
#......#.#.#.############ ....#
#..[#...@<.#.#...........
###.#####.#....K##.#.#.##########
..............p.>..#.#.#..#......
####.####.#..p#..###...#..#.#####
#..# #.#...#....#####....#
##.###.#.#.##.#.# #.####
#...##.#..p##.#.#####.#
#.#.##.###.##.#.......# #)#....#
#.##[#########


You could see Pikel and 2 slaves.

Vanquished Creatures
  Edmund (D:4)
  2 slaves (D:4)
  A crimson imp (D:4)
  A gnoll (D:1)
  3 adders
  An ooze (D:2)
  2 worms
  A dart slug (D:3)
  4 leopard geckos
  9 orcs
  A ball python (D:1)
  6 bats
  3 giant cockroaches
  7 hobgoblins
  3 jackals (D:1)
  8 kobolds
  A quokka (D:3)
  3 frilled lizards
  A goblin (D:2)
  2 goblin skeletons (D:4)
  3 hobgoblin zombies (D:4)
  A kobold skeleton (D:4)
  2 kobold zombies (D:4)
  An orc skeleton (D:4)
  11 rats
78 creatures vanquished.

Notes
Turn   | Place    | Note
-------+----------+-------------------------------------------
     0 | D:1      | Macro the Halfling Enchanter began the quest for the Orb.
     0 | D:1      | Reached XP level 1. HP: 11/11 MP: 3/3
    96 | D:1      | Reached XP level 2. HP: 17/17 MP: 2/4
   100 | D:1      | Learned a level 2 spell: Ensorcelled Hibernation
   215 | D:1      | Reached XP level 3. HP: 17/21 MP: 0/5
  1025 | D:2      | Reached skill level 4 in Stealth
  1228 | D:2      | Reached XP level 4. HP: 27/27 MP: 0/6
  1339 | D:2      | Found a snail-covered altar of Cheibriados.
  1399 | D:2      | Found a shattered altar of Ashenzari.
  1399 | D:2      | Found a bloodstained altar of Trog.
  2431 | D:3      | Learned a level 3 spell: Tukima's Dance
  2886 | D:3      | Reached XP level 5. HP: 32/32 MP: 5/8
  3009 | D:4      | Reached skill level 1 in Ice Magic
  3036 | D:4      | Noticed a slave
  3036 | D:4      | Noticed a slave
  3036 | D:4      | Noticed a slave
  3038 | D:4      | Noticed a slave
  3039 | D:4      | Noticed Pikel
  3066 | D:4      | Killed a slave
  3121 | D:4      | Noticed Edmund
  3246 | D:4      | Killed Edmund
  3246 | D:4      | Reached skill level 1 in Armour
  3246 | D:4      | Reached XP level 6. HP: 15/37 MP: 3/9
  3539 | D:4      | Found a glowing golden altar of the Shining One.
  3827 | D:4      | Killed a slave
  4124 | D:4      | Slain by Pikel

Skill      XL: |  1  2  3  4  5  6 |
---------------+-------------------+-----
Stealth        | 4 |  4.5
Spellcasting   | 2 |  2.5
Short Blades   | 2 |  2.2
Ice Magic      | 1 2 |  2.0
Armour         | 1 |  1.3
Hexes          | 3 |  3.3
Fighting       | |  0.3
Dodging        | |  2.8

Action                   |  1- 3 |  4- 6 || total
-------------------------+-------+-------++-------
Melee: Dagger            |    86 |   210 ||   296
 Cast: Corona            |     6 |    22 ||    28
       Ensorcelled Hiber |    14 |    48 ||    62
  Use: Potion            |       |     1 ||     1
 Stab: Sleeping          |    12 |    22 ||    34
  Eat: Chunk             |     3 |    15 ||    18
Armor: Robe              |     5 |       ||     5
       Leather armour    |    12 |    44 ||    56
Dodge: Dodged            |    72 |   124 ||   196
